 Dungeon Crawl Stone Soup version 0.31-a0-667-g39726597b9 (webtiles) character file.

Game seed: 14394757743450952737

176 qw the Shooter (level 5, 32/32 HPs) *WIZ*
             Began as a Gargoyle Hunter on Sept 2, 2023.
             Quit the game on level 3 of the Dungeon.
             The game lasted 00:03:10 (1855 turns).

qw the Shooter (Gargoyle Hunter)                    Turns: 1855, Time: 00:03:11

Health: 32/32      AC: 11    Str: 15    XL:     5   Next: 56%
Magic:  5/5        EV: 11    Int:  9    God:    No God 0 (0)
Gold:   195        SH:  0    Dex: 15    Spells: 4/4 levels left

rFire   . . .        Y - +0 shortbow
rCold   + . .        (shield currently unavailable)
rNeg    + . .        d - +0 ring mail
rPois   inf          (no helmet)
rElec   +            o - +0 cloak
rCorr   .            (no gloves)
SInv    .            h - +0 pair of boots
Will    .....        (no amulet)
Stlth   +            e - ring of protection from cold
HPRegen 0.25/turn    p - +4 ring of slaying {mikee}
MPRegen 0.09/turn

%: no passive effects
@: no status effects
A: sickness immunity, AC +4, negative energy resistance 1, electricity
resistance, torment resistance 1, petrification resistance
a: Build terrain, Set terrain to build, Clear terrain to floor


You were on level 3 of the Dungeon.
You visited 1 branch of the dungeon, and saw 3 of its levels.

You collected 195 gold pieces.


Innate Abilities, Weirdness & Mutations

You are immune to sickness and miasma.
Your stone body is resilient. (AC +4)
You are immune to poison.
You resist negative energy. (rN+)
You are resistant to electric shocks. (rElec)
You are resistant to unholy torment.
You are immune to petrification.


   Skills:
 + Level 3.1 Fighting
 - Level 6.0 Ranged Weapons
 - Level 1.5 Armour
 - Level 1.5 Dodging
 - Level 1.1 Stealth


You had 4 spell levels left.
You didn't know any spells.
Your spell library was empty.

Inventory:

Hand Weapons
 Y - a +0 shortbow (weapon)
Armour
 d - a +0 ring mail (worn)
 h - a +0 pair of boots (worn)
 o - a +0 cloak (worn)
Jewellery
 e - a ring of protection from cold (left hand)
 p - a +4 ring of slaying (right hand) {mikee}
Potions
 a - a potion of berserk rage {unknown}
 b - 2 potions of lignification {unknown}
 c - a potion of brilliance {unknown}
 f - a potion of enlightenment {unknown}
 i - a potion of curing
 m - a potion of heal wounds {unknown}

Dungeon Overview and Level Annotations

Branches:
Dungeon (3/15)

Altars:


Message History

The ice beast hits you but does no damage.
You shoot an arrow. The arrow closely misses the ice beast.
The ice beast hits you. The ice beast freezes you. You resist.
Thought so.
The ice beast hits you but does no damage.
You shoot an arrow. The arrow hits the ice beast!
You kill the ice beast!
Your surroundings seem slightly different.
You feel your intelligence returning.
You feel your dexterity returning.
Your Ranged Weapons skill increases to level 6!
You have reached level 5!
You now have 167 gold pieces (gained 13).
You now have 173 gold pieces (gained 6).
A goblin comes into view. It is wielding a +0 dagger.
The goblin shouts!
You hear an angry hiss.
You shoot an arrow. The arrow hits the goblin!
You kill the goblin!
A ball python comes into view.
You shoot an arrow. The arrow hits the ball python.
You kill the ball python!
A kobold comes into view. It is wielding a +0 dagger.
The kobold shouts!
The kobold throws a stone.
The stone hits you but does no damage.
You shoot an arrow. The arrow closely misses the kobold.
You shoot an arrow. The arrow closely misses the kobold.
The kobold throws a stone.
The stone barely misses you.
You shoot an arrow. The arrow hits the kobold.
You kill the kobold!
You now have 178 gold pieces (gained 5).
A bat comes into view.
You shoot an arrow. The arrow closely misses the bat.
You shoot an arrow. The arrow closely misses the bat.
The bat hits you but does no damage. The bat closely misses you.
You shoot an arrow. The arrow hits the bat!
You kill the bat!
b - 2 purple potions You now have 195 gold pieces (gained 17).
f - a sedimented inky potion
Found a stone staircase leading up.
Enter note: Are you sure you want to abandon this character and quit the game? (Confirm with "yes".)

###.# #.#
#########.#.# # #..#
#.. #.........#.# #
##...
###.#####.........#.#
........
..................#.#
######...
#.###...........#.#
##. #.#########...# #
#.# ##..# #.###.#
##..## #..@..#
##..... #..####
#...... #....
#.)..).. #....
#....... ..?.#.
#....... ..##<..
#....... # # ##
#....... ##......
#......


There were no monsters in sight!

Vanquished Creatures
  An ice beast (D:3)
  3 adders (D:2)
  A worm (D:3)
  A dart slug (D:2)
  2 endoplasms
  2 giant cockroaches
  9 goblins
  6 hobgoblins
  A quokka (D:3)
  11 ball pythons
  5 bats
  6 frilled lizards
  3 kobolds
  5 rats
56 creatures vanquished.

Notes
Turn   | Place    | Note
-------+----------+-------------------------------------------
     0 | D:1      | qw the Gargoyle Hunter began the quest for the Orb.
     0 | D:1      | Reached XP level 1. HP: 12/12 MP: 1/1
     0 | D:1      | 0 ||| qw: Version: 0.3-a-75-g5245507
     0 | D:1      | 0 ||| qw: Game counter: 2
     0 | D:1      | 0 ||| qw: Melee chars always use a shield: true
     0 | D:1      | 0 ||| qw: God list: Okawaru
     0 | D:1      | 0 ||| qw: Allow faded altars: false
     0 | D:1      | 0 ||| qw: Do Orc after clearing Dungeon:15 true
     0 | D:1      | 0 ||| qw: Do second Lair branch before Depths: true
     0 | D:1      | 0 ||| qw: Lair rune preference: random
     0 | D:1      | 0 ||| qw: Goals: Normal
     0 | D:1      | 0 ||| PLANNING D:1-11
     0 | D:1      | Entered wizard mode.
   108 | D:1      | Reached XP level 2. HP: 17/17 MP: 2/2
   388 | D:1      | Found a faded altar of an unknown god.
   520 | D:1      | 520 ||| UPGRADING to +0 ring mail.
   530 | D:1      | 530 ||| DROPPING +0 leather armour.
   531 | D:1      | 531 ||| UPGRADING to +0 pair of boots.
   536 | D:1      | 536 ||| UPGRADING to ring of protection from cold.
   537 | D:1      | 537 ||| READING scroll labelled HUTTEO HIETT.
   538 | D:1      | 538 ||| DRINKING 2 bubbling puce potions.
   539 | D:1      | 539 ||| DROPPING scroll of butterflies.
   540 | D:1      | 540 ||| DROPPING potion of degeneration.
   726 | D:2      | Reached skill level 1 in Armour
   726 | D:2      | Reached XP level 3. HP: 11/21 MP: 3/3
  1039 | D:2      | Reached skill level 5 in Ranged Weapons
  1087 | D:2      | Reached XP level 4. HP: 27/27 MP: 4/4
  1671 | D:2      | 1671 ||| DROPPING scarf of harm.
  1672 | D:2      | 1672 ||| DROPPING scarf of shadows.
  1673 | D:2      | 1673 ||| UPGRADING to +0 cloak.
  1678 | D:2      | 1678 ||| UPGRADING to +4 ring of slaying {mikee}.
  1679 | D:2      | 1679 ||| READING scroll labelled QARROC UQ KAO.
  1680 | D:2      | 1680 ||| READING scroll labelled NIOMYCEYBU.
  1683 | D:2      | 1683 ||| READING scroll labelled ALLILL RAPRUTI.
  1684 | D:2      | 1684 ||| READING scroll labelled ORONWE JYRCHI.
  1685 | D:2      | 1685 ||| READING scroll labelled DUMNE IDIRGHOOST.
  1686 | D:2      | 1686 ||| READING scroll labelled UMIWOMOHAE.
  1687 | D:2      | 1687 ||| DRINKING 2 metallic inky potions.
  1706 | D:3      | Reached skill level 3 in Fighting
  1758 | D:3      | Noticed an ice beast
  1768 | D:3      | HP: 4/28 [ice beast (4)]
  1769 | D:3      | 1769 ||| READING scroll of teleportation.
  1772 | D:3      | Slain by an ice beast (3 damage)
  1773 | D:3      | Killed an ice beast
  1774 | D:3      | Reached skill level 6 in Ranged Weapons
  1774 | D:3      | Reached XP level 5. HP: 32/32 MP: 5/5
  1855 | D:3      | Quit the game

Levels and vault maps discovered: [+gen,+vis] D:1: minmay_arrival_arboretum_small, layout_rooms, shapermc_ecumenical_altar_acropolis [+gen,+vis] D:2: layout_loops_corners, minmay_randomly_rotated_circles [+gen,+vis] D:3: layout_rooms, serial_glass, glass_columns_a, glass_columns_a [+gen,-vis] D:4 [+gen,-vis] D:5 [+gen,-vis] D:6 [+gen,-vis] D:7 [+gen,-vis] D:8 [+gen,-vis] D:9 [+gen,-vis] D:10 [+gen,-vis] D:11 [+gen,-vis] D:12 [+gen,-vis] D:13 [+gen,-vis] D:14 [+gen,-vis] D:15 [+gen,-vis] Temple: dpeg_three_leaves_temple [+gen,-vis] Lair:1 [+gen,-vis] Lair:2 [+gen,-vis] Lair:3 [+gen,-vis] Lair:4 [+gen,-vis] Lair:5 [+gen,-vis] Swamp:1 [+gen,-vis] Swamp:2 [+gen,-vis] Swamp:3 [+gen,-vis] Swamp:4 [+gen,-vis] Shoals:1 [+gen,-vis] Shoals:2 [+gen,-vis] Shoals:3 [+gen,-vis] Shoals:4 [+gen,-vis] Snake:1 [+gen,-vis] Snake:2 [+gen,-vis] Snake:3 [+gen,-vis] Snake:4 [+gen,-vis] Spider:1 [+gen,-vis] Spider:2 [+gen,-vis] Spider:3 [+gen,-vis] Spider:4 [+gen,-vis] Slime:1 [+gen,-vis] Slime:2 [+gen,-vis] Slime:3 [+gen,-vis] Slime:4 [+gen,-vis] Slime:5 [+gen,-vis] Orc:1 [+gen,-vis] Orc:2 [+gen,-vis] Elf:1 [+gen,-vis] Elf:2 [+gen,-vis] Elf:3 [+gen,-vis] Vaults:1 [+gen,-vis] Vaults:2 [+gen,-vis] Vaults:3 [+gen,-vis] Vaults:4 [+gen,-vis] Vaults:5 [+gen,-vis] Crypt:1 [+gen,-vis] Crypt:2 [+gen,-vis] Crypt:3 [+gen,-vis] Tomb:1 [+gen,-vis] Tomb:2 [+gen,-vis] Tomb:3 [+gen,-vis] Depths:1 [+gen,-vis] Depths:2 [+gen,-vis] Depths:3 [+gen,-vis] Depths:4 [+gen,-vis] Hell [+gen,-vis] Dis:1 [+gen,-vis] Dis:2 [+gen,-vis] Dis:3 [+gen,-vis] Dis:4 [+gen,-vis] Dis:5 [+gen,-vis] Dis:6 [+gen,-vis] Dis:7 [+gen,-vis] Geh:1 [+gen,-vis] Geh:2 [+gen,-vis] Geh:3 [+gen,-vis] Geh:4 [+gen,-vis] Geh:5 [+gen,-vis] Geh:6 [+gen,-vis] Geh:7 [+gen,-vis] Coc:1 [+gen,-vis] Coc:2 [+gen,-vis] Coc:3 [+gen,-vis] Coc:4 [+gen,-vis] Coc:5 [+gen,-vis] Coc:6 [+gen,-vis] Coc:7 [+gen,-vis] Tar:1 [+gen,-vis] Tar:2 [+gen,-vis] Tar:3 [+gen,-vis] Tar:4 [+gen,-vis] Tar:5 [+gen,-vis] Tar:6 [+gen,-vis] Tar:7 [+gen,-vis] Zot:1 [+gen,-vis] Zot:2 [+gen,-vis] Zot:3 [+gen,-vis] Zot:4 [+gen,-vis] Zot:5 [+gen,-vis] Abyss:1 [+gen,-vis] Abyss:2 [+gen,-vis] Abyss:3 [+gen,-vis] Abyss:4 [+gen,-vis] Abyss:5 [+gen,-vis] Abyss:6 [+gen,-vis] Abyss:7 [+gen,-vis] Pan [+gen,-vis] Zig:1 [+gen,-vis] Zig:2 [+gen,-vis] Zig:3 [+gen,-vis] Zig:4 [+gen,-vis] Zig:5 [+gen,-vis] Zig:6 [+gen,-vis] Zig:7 [+gen,-vis] Zig:8 [+gen,-vis] Zig:9 [+gen,-vis] Zig:10 [+gen,-vis] Zig:11 [+gen,-vis] Zig:12 [+gen,-vis] Zig:13 [+gen,-vis] Zig:14 [+gen,-vis] Zig:15 [+gen,-vis] Zig:16 [+gen,-vis] Zig:17 [+gen,-vis] Zig:18 [+gen,-vis] Zig:19 [+gen,-vis] Zig:20 [+gen,-vis] Zig:21 [+gen,-vis] Zig:22 [+gen,-vis] Zig:23 [+gen,-vis] Zig:24 [+gen,-vis] Zig:25 [+gen,-vis] Zig:26 [+gen,-vis] Zig:27 [+gen,-vis] Bazaar [+gen,-vis] Trove [+gen,-vis] Sewer [+gen,-vis] Ossuary [+gen,-vis] Bailey [+gen,-vis] IceCv [+gen,-vis] Volcano [+gen,-vis] WizLab [+gen,-vis] Desolation [+gen,-vis] Gauntlet [+gen,-vis] Arena

Skill      XL: |  1  2  3  4 |
---------------+-------------+-----
Armour         | 1 |  1.5
Ranged Weapons | 5 6 |  6.0
Fighting       | 3 |  3.1
Dodging        | |  1.5
Stealth        | |  1.1

Action                     |  1- 3 |  4- 6 || total
---------------------------+-------+-------++-------
   Fire: Shortbow          |   111 |    71 ||   182
    Use: Scroll            |     1 |     7 ||     8
         Potion            |     1 |     1 ||     2
 Armour: Leather armour    |     8 |       ||     8
         Ring mail         |    24 |    53 ||    77
  Dodge: Dodged            |    35 |    24 ||    59

Table legend:
 A = Non-vault XP
 B = Vault XP
 C = Vault XP percentage of total XP
 D = Non-vault monster count
 E = Vault monster count
 F = Vault count percentage of total count
                 A         B        C        D         E       F
            +---------+---------+-------+---------+---------+-------
      Total |     245 |       7 |   2.8 |      50 |       6 |  10.7
            +---------+---------+-------+---------+---------+-------
        D:1 |      26 |       0 |   0.0 |      17 |       0 |   0.0
        D:2 |      73 |       7 |   8.8 |      23 |       6 |  20.7
        D:3 |     146 |       0 |   0.0 |      10 |       0 |   0.0
            +---------+---------+-------+---------+---------+-------
